 Dungeon Crawl Stone Soup version 0.31-a0-154-g56bf346678 (webtiles) character file.

Game seed: 3175130956663867036

238 Zonian the Ruffian (level 6, 0/32 HPs)
             Began as a Vine Stalker Gladiator on June 12, 2023.
             Splashed by a jelly's acid (9 damage)
             ... on level 3 of the Dungeon.
             The game lasted 00:02:44 (1630 turns).

Zonian the Ruffian (Vine Stalker Gladiator)         Turns: 1630, Time: 00:02:45

Health: 0/32       AC:  1    Str: 18    XL:     6   Next: 7%
Magic:  0/7        EV: 13    Int:  8    God:
Gold:   109        SH:  0    Dex: 16    Spells: 5/5 levels left

rFire   . .          .
                       - Unarmed
rCold   . . .        (no shield)
rNeg    . . .        a - +0 leather armour
rPois   .            b - +0 helmet
rElec   .            o - +0 cloak
rCorr   .            (no gloves)
SInv    .            (no boots)
Will    .....        (no amulet)
Stlth   +            (no ring)
HPRegen 1.05/turn    (no ring)
MPRegen 0.10/turn

%: guardian spirit
@: corroded
A: fangs 2, regeneration 1, magic shield, antimagic bite, no potion heal 2
a: no special abilities


You were on level 3 of the Dungeon.
You visited 1 branch of the dungeon, and saw 3 of its levels.

You collected 109 gold pieces.

Inventory:

Missiles
 c - a throwing net (quivered)
 d - a javelin
 f - 7 silver boomerangs
 k - 2 curare-tipped darts
Armour
 a - a +0 leather armour (worn)
 b - a +0 helmet (worn)
 o - a +0 cloak (worn)
Jewellery
 s - an amulet of regeneration
Scrolls
 g - a scroll of noise {unknown}
 i - 4 scrolls of identify {unknown}
 n - 2 scrolls of teleportation {unknown}
Potions
 e - 3 potions of haste {unknown}
 h - 2 potions of mutation {unknown}
 j - a potion of invisibility {unknown}
 l - a potion of enlightenment {unknown}
 m - 2 potions of brilliance {unknown}
 p - a potion of lignification {unknown}
 q - a potion of berserk rage {unknown}
 r - a potion of might {unknown}


   Skills:
 + Level 3.1 Fighting
 + Level 3.1 Throwing
 + Level 3.4 Dodging
 + Level 4.1 Unarmed Combat


You had 5 spell levels left.
You didn't know any spells.
Your spell library was empty.

Dungeon Overview and Level Annotations

Branches:
Dungeon (3/15)

Altars:
Elyvilon
Sif Muna
Wu Jian
Yredelemnul
The Shining One

Shops:
D:3 *


Innate Abilities, Weirdness & Mutations

You have extremely sharp teeth.
Your natural rate of healing is unusually fast.
When hurt, damage is shared between your health and your magic reserves.
Your bite disrupts and absorbs the magic of your enemies.
Potions cannot restore your health.


Message History

Deactivating autopickup; reactivate with Ctrl-A.
The orc attacks as you move away! The orc closely misses you.
The jelly attacks as you move away! The jelly closely misses you.
The orc attacks as you move away! The orc misses you.
The jelly attacks as you move away! The jelly hits you. The acid corrodes you!
You are splashed with acid!
The jelly closely misses you. The jelly attacks as you move away!
The jelly hits you but does no damage.
Throw: 2 throwing nets
Press: ? - help, Q - select action, (/) - cycle Shift-Dir - straight line, f - jelly
Aim: a jelly (90% to hit)
You throw a throwing net. The throwing net hits the jelly.
The jelly is caught in the net!
The jelly struggles against the net.
You hit the jelly but do no damage.
Your hands burn!
The jelly struggles against the net.
You hit the jelly.
Your hands burn!
You bite the jelly, but do no damage.
The jelly is moderately wounded.
The jelly struggles against the net.
You hit the jelly but do no damage.
Your hands burn!
The jelly is moderately wounded.
The jelly struggles against the net.
You hit the jelly.
Your hands burn!
You bite the jelly, but do no damage.
The jelly is heavily wounded.
The jelly struggles against the net.
The net rips apart, and the jelly comes free!
The orc wizard shouts!
You hit the jelly but do no damage.
Your hands burn!
You bite the jelly, but do no damage.
The jelly is heavily wounded.
The jelly hits you.
You are splashed with acid!
The orc wizard casts a spell.
The orc wizard flickers and vanishes!
You hit the jelly.
Your hands burn!
* * * LOW HITPOINT WARNING * * *
The jelly is almost dead.
The jelly hits you.
* * * LOW HITPOINT WARNING * * *
You are splashed with acid!
You die...

.#.......# ##### ##.#.##.##.#
..._..._.## #...# #....##....#
..........# #.#.###..........#
.....8....# #.#.......[......#
..........####.#..............(
..._..._[..........##........#.
.........######.##.##.#........
.........######....##...†......
...........ooJ@..####.##.#..#..
...#.........###.......#.#.....
.#.#...{...o.# ######..#.####.#
##.# #.........# ####.###..#
.....###...##### #8#.#8####
....∩....### #.....# ##.......#
#.._..# #......... #.....#
#.#......... #######


You could see a jelly and 3 orcs.

Vanquished Creatures
  Sigmund (D:2)
  A gnoll (D:2)
  An adder (D:2)
  5 dart slugs
  2 ball pythons (D:1)
  3 bats (D:1)
  3 endoplasms
  A giant cockroach (D:1)
  5 hobgoblins
  2 quokkas
  5 frilled lizards
  5 goblins
  4 kobolds
  5 rats
43 creatures vanquished.

Notes
Turn   | Place    | Note
-------+----------+-------------------------------------------
     0 | D:1      | Zonian the Vine Stalker Gladiator began the quest for the
                  | Orb.
     0 | D:1      | Reached XP level 1. HP: 11/11 MP: 2/2
   252 | D:1      | Reached XP level 2. HP: 14/15 MP: 3/3
   753 | D:2      | Noticed Sigmund
   771 | D:2      | Killed Sigmund
   772 | D:2      | Reached skill level 4 in Unarmed Combat
   772 | D:2      | Reached XP level 3. HP: 3/20 MP: 1/4
   772 | D:2      | Gained mutation: Your natural rate of healing is unusually
                  | fast. [Vine Stalker growth]
   772 | D:2      | Reached XP level 4. HP: 3/24 MP: 1/5
   772 | D:2      | Reached XP level 5. HP: 4/28 MP: 1/6
  1127 | D:2      | Reached XP level 6. HP: 32/32 MP: 5/7
  1475 | D:3      | Found an ornate altar of the Wu Jian Council.
  1495 | D:3      | Found a white marble altar of Elyvilon.
  1496 | D:3      | Found a basalt altar of Yredelemnul.
  1496 | D:3      | Found a shimmering blue altar of Sif Muna.
  1496 | D:3      | Found a glowing golden altar of the Shining One.
  1610 | D:3      | Found Xocouhuu's General Store.
  1630 | D:3      | Splashed by a jelly's acid

Illustrated notes

Levels and vault maps discovered:
D:1:      dpeg_arrival_round_b, layout_basic
D:2:      layout_loops_ring, minmay_misc_feat_roman, minmay_heptomino_o4,
          uniq_sigmund
D:3:      layout_basic, grunt_temple_overflow_open, nicolae_uskayaw_en_pointe,
          nicolae_dithmenos_the_darkroom, mainiacjoe_overflow_alcove_2,
          serial_shops, shop, shapermc_ecumenical_altar_acropolis

Skill      XL: |  1  2 |
---------------+-------+-----
Fighting       | 2 3 |  3.1
Throwing       | 2 3 |  3.1
Dodging        | 3 |  3.4
Unarmed Combat | 4 |  4.1

Action                     |  1- 3 |  4- 6 || total
---------------------------+-------+-------++-------
  Melee: Unarmed           |    52 |    64 ||   116
         Bite              |    12 |    16 ||    28
         Punch             |     1 |       ||     1
  Throw: Throwing net      |     2 |     1 ||     3
   Stab: Sleeping          |     1 |     2 ||     3
 Armour: Leather armour    |    17 |    16 ||    33
  Dodge: Dodged            |    20 |    31 ||    51

Table legend: (Time is in decaauts)
 A = Elapsed time spent in this place.
 B = Non-inter-level travel time spent in this place.
 C = Inter-level travel time spent in this place.
 D = Time resting spent in this place.
 E = Time spent auto-exploring this place.
 F = Levels seen in this place.
 G = Mean time per level.
                   A        B        C        D        E       F      G
               +--------+--------+--------+--------+--------+-----+--------+
         Total |   1621 |   1560 |     61 |      3 |   1176 |   3 |  540.3 |
       Dungeon |   1621 |   1560 |     61 |      3 |   1176 |   3 |  540.3 |
               +--------+--------+--------+--------+--------+-----+--------+

Top non-repeatable levels by time:
     D:1: 731 daAuts
     D:2: 684 daAuts
     D:3: 205 daAuts
